 Dungeon Crawl Stone Soup version 0.25-a0-558-g78a2afb0af (webtiles) character file.

Game seed: 4130758595015194601, levelgen mode: deterministic

14977 Conn the Slicer (level 12, -1/117 HPs)
             Began as a Halfling Skald on Feb 25, 2020.
             Was a High Priest of Sif Muna.
             Slain by a chaos spawn (3 damage)
             ... summoned by an orc high priest
             ... on level 2 of the Orcish Mines.
             The game lasted 01:31:50 (19040 turns).

Conn the Slicer (Halfling Skald)                   Turns: 19040, Time: 01:31:52

Health: -1/117     AC: 17    Str: 14    XL:     12   Next: 51%
Magic:  5/20       EV: 21    Int: 13    God:    Sif Muna [*****.]
Gold:   1082       SH:  6    Dex: 18    Spells: 2/22 levels left

rFire    + . .     SeeInvis .   a - +7 long sword of Exquisite Torment {flame, +Inv rC+ Dex+3}
rCold    + . .     Gourm    .   j - +0 buckler
rNeg     . . .     Faith    .   U - +2 robe {MR+}
rPois    .         Spirit   .   x - +0 helmet
rElec    .         Reflect  .   s - +2 cloak
rCorr    +         Harm     .   (no gloves)
MR       +....                  P - +1 pair of boots
Stlth    ..........             (no amulet)
HPRegen  0.29/turn              q - ring of protection from fire
MPRegen  0.17/turn              Q - ring of resist corrosion

@: mighty, berserking, icy armour, infused (expiring), very quick
A: small, mutation resistance 1
a: Channel Magic, Forget Spell, Divine Exegesis, Renounce Religion, Evoke
Invisibility


You were on level 2 of the Orcish Mines.
You worshipped Sif Muna.
Sif Muna was extremely pleased with you.
You were hungry.

You visited 2 branches of the dungeon, and saw 14 of its levels.
You also visited: Ossuary.

You collected 1082 gold pieces.

Inventory:

Hand Weapons
 a - the +7 long sword of Exquisite Torment (weapon) {flame, +Inv rC+ Dex+3}
   (You found it on level 9 of the Dungeon)

   It has been specially enchanted to burn those struck by it, causing extra
   injury to most foes and up to half again as much damage against particularly
   susceptible opponents.
   Big, fiery blades are also staple armaments of hydra-hunters.
   It affects your dexterity (+3).
   It protects you from cold.
   It lets you turn invisible.
 b - a +0 triple crossbow
 o - a +3 dagger of freezing
 I - a +0 shortbow
Missiles
 h - 100 bolts
 i - 317 stones (quivered)
 k - 120 arrows
 m - 77 poisoned darts
 H - 36 sling bullets
 Z - 2 throwing nets
Armour
 f - a +0 kite shield
 j - a +0 buckler (worn)
 s - a +2 cloak (worn)
 x - a +0 helmet (worn)
 J - the -6 pair of boots of Blue Skies {rPois rCorr Int-4 Dex+6}
   (You found it on level 8 of the Dungeon)

   It affects your intelligence (-4).
   It affects your dexterity (+6).
   It protects you from poison.
   It provides partial protection from all sources of acid and corrosion.
   If you switch to wearing this armour, your AC will decrease by 7 (17 -> 10).
 P - a +1 pair of boots (worn)
 T - a +0 robe of fire resistance
 U - a +2 robe of magic resistance (worn)
Jewellery
 q - a ring of protection from fire (left hand)
 y - an uncursed ring of flight
 Q - a ring of resist corrosion (right hand)
 V - a +1 ring of slaying
Wands
 n - a wand of iceblast (4)
 p - a wand of flame (21)
 t - a wand of paralysis (9)
 Y - a wand of scattershot (6)
Scrolls
 c - 12 scrolls of identify
 g - 3 scrolls of remove curse
 X - a scroll of amnesia
Potions
 e - 7 potions of haste
 v - 4 potions of brilliance {unknown}
 B - 3 potions of lignification
 C - a potion of resistance
 F - 3 potions of flight {unknown}
 K - a potion of might
 L - a potion of degeneration {unknown}
 N - a potion of cancellation {unknown}
 O - 2 potions of stabbing {unknown}
Comestibles
 d - 13 rations
 l - 4 chunks of flesh


   Skills:
 - Level 5.7 Fighting
 - Level 9.3(9.6) Short Blades
 - Level 2.9(5.7) Long Blades
 * Level 7.9 Crossbows
 - Level 5.1 Armour
 - Level 8.0 Dodging
 - Level 4.0 Stealth
 * Level 4.2 Shields
 - Level 5.7 Spellcasting
 - Level 1.3 Conjurations
 - Level 8.0 Charms
 - Level 4.0 Translocations
 - Level 0.5 Ice Magic
 - Level 1.1 Air Magic
 - Level 1.3 Invocations
 - Level 2.5 Evocations


You had 2 spell levels left.
You knew the following spells:

 Your Spells              Type           Power        Failure   Level  Hunger
a - Infusion              Chrm           ###.         1%          1    None
b - Song of Slaying       Chrm           ###.....     1%          2    ##.....
c - Shroud of Golubria    Chrm/Tloc      ###...       2%          2    ##.....
d - Ozocubu's Armour      Chrm/Ice       ##......     10%         3    ###....
e - Spectral Weapon       Hex/Chrm       ##......     11%         3    ###....
f - Conjure Ball Lightni  Conj/Air       #.........   100%        6    #######
g - Gell's Gravitas       Tloc           ##........   11%         3    ###....

Your spell library contained the following spells:

 Spells                   Type           Power        Failure   Level  Hunger
 Swiftness                Chrm/Air       ###.....     4%          2    ##.....
 Passwall                 Tmut/Erth      #.......     28%         2    ##.....
 Passage of Golubria      Tloc           N/A          34%         4    ####...
 Confusing Touch          Hex            #.......     50%         3    ###....
 Summon Lightning Spire   Summ/Air       #.......     83%         4    ####...
 Petrify                  Tmut/Erth      #.......     88%         4    ####...
 Lee's Rapid Deconstruct  Erth           #.........   99%         5    ######.
 Metabolic Englaciation   Hex/Ice        #.........   99%         5    ######.
 Silence                  Hex/Air        #.........   99%         5    ######.
 Yara's Violent Unravell  Hex/Tmut       #.........   99%         5    ######.
 Deflect Missiles         Chrm/Air       ###.......   99%         6    #######
 Darkness                 Hex            #.........   100%        6    #######
 Invisibility             Hex            #.......     100%        6    #######
 Tornado                  Air            #.........   100%        9    #######


Dungeon Overview and Level Annotations

Branches:
Dungeon (12/15)            Temple (0/1) D:4            Lair (0/6) D:8
    Orc (2/2) D:12            Elf (0/3) Orc:2       Ossuary (visited)

Altars:
Fedhas
Hepliaklqana
Kikubaaqudgha
Qazlal
Sif Muna
Trog
Uskayaw
Yredelemnul
Zin
The Shining One
Beogh

Shops:
D:11 (

Annotations:
D:8 Prince Ribbit


Innate Abilities, Weirdness & Mutations

You are small and have problems with some larger weapons.
You are somewhat resistant to further mutation.


Message History

The hellwing closely misses you.
Unknown command.
You slash the hellwing! You burn the hellwing.
The hellwing is almost dead.
An orc warrior comes into view.
It is wielding a +1 battleaxe of electrocution.
The chaos spawn hits you!
* * * LOW HITPOINT WARNING * * *
Your shroud falls apart!
You block the orc warrior's attack.
Unknown command.
You closely miss the orc warrior. The hellwing closely misses you.
The hellwing hits you but does no damage.
Unknown command.
You closely miss the orc warrior.
Your song has ended.
The orc high priest no longer looks unusually strong.
The chaos spawn hits you!
* * * LOW HITPOINT WARNING * * *
You are engulfed in flames.
You resist.
You die...

.... ........)..oo..
.... ......)oo.).o..
.... .......o# ....
........# ....
....o...# ....
.....ooo# ....
.....ooo# ....
.....o)o# ....
....o4o@# ....
......44# .....
.......o# ......
........# .......
........# ........
........##############
........
.........^...........#
........
..............#.....##
.......#
....................#


You could see an orc high priest, a hellwing, a rust devil, a chaos spawn, 4 orc
warriors, 3 orc priests, 2 orc wizards and 5 orcs.

Vanquished Creatures
  A two-headed ogre (D:10)
  Nergalle (D:10)
  An orc knight (Orc:2)
  Pikel (D:5)
  An orc sorcerer (Orc:2)
  Psyche (D:9)
  A kobold demonologist (D:9)
  A troll (D:12)
  2 hippogriffs
  Sigmund (D:3)
  2 wraiths (D:11)
  A wyvern (D:10)
  3 yaks (D:9)
  A basilisk (D:8)
  2 hungry ghosts
  A warg (Orc:2)
  2 water moccasins
  Edmund (D:6)
  3 porcupines (D:8)
  5 ice beasts
  A necrophage (D:11)
  A slave (D:4)
  A sky beast (D:11)
  6 black bears
  15 orc warriors
  4 phantoms
  4 wolves (D:8)
  11 ogres
  A centaur (D:7)
  4 crocodiles
  Blork the orc (D:5)
  2 elf zombies (Ossuary)
  5 bullfrogs
  8 big kobolds
  6 gnoll sergeants
  4 scorpions
  3 killer bees (D:8)
  A howler monkey (D:9)
  4 crimson imps
  3 centaur zombies
  2 bullfrog zombies (D:8)
  A human zombie (Ossuary)
  A quasit (D:9)
  Crazy Yiuf (D:4)
  2 jellies (D:8)
  25 orc priests
  3 bullfrog skeletons
  5 hounds
  22 orc wizards
  A centaur skeleton (D:9)
  3 iguanas (D:8)
  8 worker ants
  Ijyb (D:5)
  A hound skeleton (D:11)
  2 mummies (Ossuary)
  2 worker ant zombies (D:7)
  11 gnolls
  2 howler monkey skeletons
  16 adders
  A shadow imp (D:6)
  An ooze (D:7)
  An adder skeleton (D:9)
  3 worms
  A dart slug (D:2)
  4 leopard geckos
  89 orcs
  3 ball pythons
  7 giant cockroaches
  10 goblins
  10 hobgoblins
  10 jackals
  4 quokkas
  5 bats
  4 frilled lizards
  A goblin zombie (Ossuary)
  12 hobgoblin zombies (Ossuary)
  3 jackal zombies
  24 kobolds
  12 kobold zombies (Ossuary)
  A leopard gecko skeleton (D:9)
  4 orc zombies (Ossuary)
  A quokka skeleton (D:4)
  5 rats
  A rat zombie (Ossuary)
443 creatures vanquished.

Vanquished Creatures (others)
  7 fungi
  9 plants (D:8)
  A spectral weapon (D:12)
  8 toadstools (D:2)
25 creatures vanquished.

Grand Total: 468 creatures vanquished

Notes
Turn   | Place    | Note
-------+----------+-------------------------------------------
     0 | D:1      | Conn the Halfling Skald began the quest for the Orb.
     0 | D:1      | Reached XP level 1. HP: 14/14 MP: 3/3
   342 | D:1      | Reached XP level 2. HP: 18/19 MP: 4/4
   645 | D:1      | Reached XP level 3. HP: 18/24 MP: 5/5
  1330 | D:2      | Reached XP level 4. HP: 29/29 MP: 2/6
  1837 | D:2      | Found a shimmering blue altar of Sif Muna.
  1842 | D:2      | Became a worshipper of Sif Muna the Loreminder
  1950 | D:2      | Learned a level 2 spell: Song of Slaying
  1953 | D:2      | Learned a level 2 spell: Shroud of Golubria
  2641 | D:3      | Reached * piety under Sif Muna
  2641 | D:3      | Reached XP level 5. HP: 33/34 MP: 8/8
  2748 | D:3      | Reached skill level 3 in Short Blades
  3347 | D:3      | Learned a level 3 spell: Ozocubu's Armour
  3426 | D:3      | Found a hazy altar of Hepliaklqana.
  3566 | D:3      | Found a glowing golden altar of the Shining One.
  3568 | D:3      | Noticed an angel
  3586 | D:3      | Found a basalt altar of Yredelemnul.
  3588 | D:3      | Noticed a profane servitor
  3653 | D:3      | Noticed Sigmund
  3904 | D:3      | Killed Sigmund
  3904 | D:3      | Reached skill level 1 in Stealth
  3904 | D:3      | Reached XP level 6. HP: 36/39 MP: 9/9
  4050 | D:3      | Found a faded altar of an unknown god.
  4312 | D:4      | Reached skill level 4 in Short Blades
  4334 | D:4      | Reached XP level 7. HP: 22/45 MP: 11/11
  4572 | D:4      | Found a runed translucent door.
  4573 | D:4      | Noticed Crazy Yiuf
  4586 | D:4      | Killed Crazy Yiuf
  5151 | D:4      | Reached ** piety under Sif Muna
  5519 | D:4      | Found a hide-covered altar of Uskayaw.
  5656 | D:4      | Found a staircase to the Ecumenical Temple.
  5703 | D:4      | Reached skill level 1 in Translocations
  5703 | D:4      | Reached XP level 8. HP: 18/51 MP: 12/12
  5704 | D:4      | Reached skill level 5 in Short Blades
  6016 | D:5      | Entered Level 5 of the Dungeon
  6239 | D:5      | Noticed Ijyb
  6244 | D:5      | Paralysed by Ijyb for 3 turns
  6250 | D:5      | Killed Ijyb
  6250 | D:5      | Reached skill level 1 in Evocations
  6312 | D:5      | Reached skill level 5 in Charms
  6486 | D:5      | Reached skill level 1 in Crossbows
  7397 | D:5      | Noticed Blork the orc
  7403 | D:5      | Noticed Pikel
  7409 | D:5      | Killed Blork the orc
  7414 | D:5      | Killed Pikel
  7414 | D:5      | Reached skill level 6 in Short Blades
  7414 | D:5      | Reached XP level 9. HP: 54/57 MP: 5/14
  7734 | D:6      | Reached skill level 5 in Dodging
  7874 | D:6      | Noticed Edmund
  7880 | D:6      | Killed Edmund
  7982 | D:6      | Found a glowing silver altar of Zin.
  8071 | D:6      | Found a blossoming altar of Fedhas.
  8085 | D:6      | Found a sand-covered staircase.
  8140 | D:6      | HP: 2/58 [poisoned by a water moccasin]
  8148 | D:6      | HP: 2/58 [poisoned by a water moccasin]
  8249 | Ossuary  | Entered an ossuary
  8472 | Ossuary  | Reached *** piety under Sif Muna
  9718 | D:6      | Found a stormy altar of Qazlal.
  9960 | D:6      | Reached skill level 7 in Short Blades
 10152 | D:6      | Learned a level 3 spell: Spectral Weapon
 10210 | D:6      | Reached **** piety under Sif Muna
 10240 | D:7      | Reached XP level 10. HP: 57/64 MP: 0/16
 10867 | D:7      | Found a bloodstained altar of Trog.
 11540 | D:7      | Learned a level 4 spell: Petrify
 11583 | D:7      | Learned a level 3 spell: Gell's Gravitas
 12075 | D:8      | Got a pair of ichor-stained boots
 12212 | D:8      | Identified the cursed -6 pair of boots of Blue Skies {rPois
                  | rCorr Int-4 Dex+6} (You found it on level 8 of the Dungeon)
 12258 | D:8      | Found an ancient bone altar of Kikubaaqudgha.
 12297 | D:8      | Reached skill level 8 in Short Blades
 13011 | D:8      | Reached skill level 5 in Spellcasting
 13209 | D:8      | Noticed Prince Ribbit
 13265 | D:8      | Found a staircase to the Lair.
 13289 | D:8      | Reached skill level 5 in Armour
 13894 | D:9      | Reached XP level 11. HP: 70/70 MP: 10/18
 13933 | D:9      | Found a bloodstained altar of Trog.
 14084 | D:9      | Reached skill level 5 in Fighting
 14253 | D:9      | Reached ***** piety under Sif Muna
 14272 | D:9      | Received a gift from Sif Muna
 14489 | D:9      | Noticed Psyche
 14498 | D:9      | Reached skill level 9 in Short Blades
 14512 | D:9      | Killed Psyche
 14942 | D:9      | Found a roughly hewn altar of Beogh.
 15864 | D:9      | Got a steaming long sword
 15865 | D:9      | Identified the +7 long sword of Exquisite Torment {flame,
                  | +Inv rC+ Dex+3} (You found it on level 9 of the Dungeon)
 15910 | D:10     | Entered Level 10 of the Dungeon
 16040 | D:10     | Learned a level 6 spell: Conjure Ball Lightning
 16158 | D:10     | Noticed a two-headed ogre
 16168 | D:10     | Killed a two-headed ogre
 16168 | D:10     | Reached skill level 1 in Invocations
 16194 | D:10     | Noticed Nergalle
 16216 | D:10     | Killed Nergalle
 16216 | D:10     | Reached skill level 1 in Long Blades
 16327 | D:10     | Reached skill level 1 in Air Magic
 16463 | D:10     | Reached skill level 1 in Conjurations
 16523 | D:10     | Noticed a death knight
 17027 | D:11     | Found Buferist's Antique Weapon Boutique.
 17056 | D:11     | Reached XP level 12. HP: 72/78 MP: 20/20
 17352 | D:12     | Found a staircase to the Orcish Mines.
 17373 | D:12     | Received a gift from Sif Muna
 17375 | D:12     | Reached skill level 5 in Crossbows
 17995 | Orc:1    | Entered Level 1 of the Orcish Mines
 18033 | Orc:1    | Reached skill level 1 in Shields
 18188 | Orc:2    | Entered Level 2 of the Orcish Mines
 18193 | Orc:2    | Found a bloodstained altar of Trog.
 18818 | Orc:2    | Found a staircase to the Elven Halls.
 19008 | Orc:2    | Noticed an orc high priest
 19023 | Orc:2    | Identified Sif Muna's Incunabulum of Arcane Weapons and
                  | Malediction (Sif Muna gifted it to you on level 2 of the
                  | Orcish Mines)
 19023 | Orc:2    | Received a gift from Sif Muna
 19040 | Orc:2    | HP: 2/117 [chaos spawn[an orc high priest] (10)]
 19040 | Orc:2    | Slain by a chaos spawn

Levels and vault maps discovered:
D:1:      minmay_arrival_floating_metal, layout_loops_cross, minmay_tetromino_i2
D:2:      cheibrodos_fertilizer, layout_basic, overflow_temple_1_default,
          first_ration, nicolae_qazlal_style_of_elements
D:3:      layout_basic, grunt_temple_overflow_holy_war, lemuel_round_altar,
          chequers_ecumenical_altar_grove, uniq_sigmund
D:4:      layout_cave_pools, lemuel_crystal_altar,
          minmay_temple_entry_statues_fountains, uniq_crazy_yiuf_cottage
D:5:      layout_layer_cave, feat_on_display, uniq_ijyb, uniq_pikel,
          uniq_blork_the_orc
D:6:      layout_loops_corners, kennysheep_mini_moat, zin_scriptorium,
          enter_ossuary_3, fedhas_altar_3, uniq_edmund
D:7:      layout_gridville, basic_altar
D:8:      layout_loops_ring, minmay_lair_entry_grove, basic_altar,
          uniq_prince_ribbit1
D:9:      layout_rooms, old_standard_altar, special_room [special_room_orc],
          uniq_psyche
D:10:     layout_gridville, uniq_nergalle
D:11:     layout_roguey, serial_shops, shop
D:12:     minmay_thinvault, layout_irregular_city,
          kennysheep_orc_monster_closet_entryway, grunt_livestock,
          grunt_ministairs_8, uniq_nessos, uniq_fannar, uniq_gastronok
Orc:1:    layout_diamond_mine, gammafunk_ghost_fury_of_okawaru
Orc:2:    st_orc_congregation, layout_caves, bloody_trog

Skill      XL: |  1  2  3  4  5  6  7  8  9 10 11 12 |
---------------+-------------------------------------+-----
Fighting       | 2 3 4 5 |  5.7
Charms         | 4 5 6 7 8 |  8.0
Spellcasting   | 2 3 4 5 |  5.7
Armour         | 2 3 4 5 |  5.1
Short Blades   | 3 4 6 7 8 9 |  9.3
Dodging        | 3 4 5 7 8 |  8.0
Stealth        | 1 2 3 4 |  4.0
Translocations | 1 3 4 |  4.0
Evocations     | 1 2 |  2.5
Crossbows      | 2 3 4 7 |  7.9
Invocations    | 1 |  1.3
Long Blades    | 2 |  2.9
Air Magic      | 1 |  1.1
Conjurations   | 1 |  1.3
Shields        | 4 |  4.2
Ice Magic      | |  0.5

Action                   |  1- 3 |  4- 6 |  7- 9 | 10-12 || total
-------------------------+-------+-------+-------+-------++-------
Melee: Short sword       |    11 |       |       |       ||    11
       Dagger            |    87 |   191 |   783 |   731 ||  1792
       Long sword        |       |       |       |   256 ||   256
 Fire: Arbalest          |       |       |     5 |    55 ||    60
       Triple crossbow   |       |       |       |    16 ||    16
 Cast: Infusion          |     9 |    11 |    24 |    51 ||    95
       Shroud of Golubri |       |     2 |    42 |    72 ||   116
       Song of Slaying   |       |     2 |       |    15 ||    17
       Ozocubu's Armour  |       |       |       |     9 ||     9
       Gell's Gravitas   |       |       |       |     3 ||     3
       Spectral Weapon   |       |       |       |     2 ||     2
Evoke: Wand              |       |       |    11 |     4 ||    15
  Use: Potion            |       |     5 |     2 |    11 ||    18
       Scroll            |       |     5 |       |    11 ||    16
 Stab: Sleeping          |     1 |     1 |     3 |    10 ||    15
       Invisible         |       |     1 |       |       ||     1
       Paralysed         |       |       |     4 |       ||     4
       Distracted        |       |       |       |     2 ||     2
       Confused          |       |       |       |     1 ||     1
  Eat: Chunk             |     2 |     7 |     8 |    33 ||    50
       Ration            |       |     1 |     4 |     1 ||     6
Armor: Leather armour    |    21 |    19 |   114 |    93 ||   247
       Skin              |       |       |     3 |       ||     3
       Robe              |       |       |       |   108 ||   108
Dodge: Dodged            |    70 |   135 |   499 |  1005 ||  1709
Block: Kite shield       |       |       |       |    37 ||    37
       Buckler           |       |       |       |    23 ||    23
       Rpst.: Long sword |       |       |       |    95 ||    95

Table legend:
 A = Non-vault XP
 B = Vault XP
 C = Vault XP percentage of total XP
 D = Non-vault monster count
 E = Vault monster count
 F = Vault count percentage of total count
                 A         B        C        D         E       F
            +---------+---------+-------+---------+---------+-------
      Total |   13094 |    8303 |  38.8 |     317 |     125 |  28.3
            +---------+---------+-------+---------+---------+-------
        D:1 |      47 |       1 |   2.1 |      26 |       1 |   3.7
        D:2 |      76 |      11 |  12.6 |      20 |       7 |  25.9
        D:3 |     122 |     227 |  65.0 |      23 |       1 |   4.2
        D:4 |     542 |      44 |   7.5 |      22 |       1 |   4.3
        D:5 |     378 |     721 |  65.6 |      15 |       3 |  16.7
        D:6 |    1021 |     155 |  13.2 |      19 |       2 |   9.5
        D:7 |    1079 |       0 |   0.0 |      19 |       0 |   0.0
        D:8 |    1370 |    1499 |  52.2 |      28 |      13 |  31.7
        D:9 |    3081 |     782 |  20.2 |      47 |      20 |  29.9
       D:10 |    1993 |     812 |  28.9 |      14 |       1 |   6.7
       D:11 |    1353 |       3 |   0.2 |      26 |       1 |   3.7
       D:12 |     439 |    1398 |  76.1 |       4 |      19 |  82.6
      Orc:1 |     312 |       0 |   0.0 |       9 |       0 |   0.0
      Orc:2 |    1281 |    2251 |  63.7 |      45 |      17 |  27.4
    Ossuary |       0 |     399 | 100.0 |       0 |      39 | 100.0
            +---------+---------+-------+---------+---------+-------
